Map: Submarine LE

Players

Throwfordays - Winner!

  • Race: Zerg Zerg
  • League: Silver
  • Spawn Location: 11:00

MrOcho

  • Race: Zerg Zerg
  • League: Silver
  • Spawn Location: 5:00

VOD

Have the link to the VOD?

Description

Time

  • Played on: July 19, 2020, 9:58 p.m.
  • Length: 6:57
Show
View Real Time Build Order
Export as new Build Order

Throwfordays Zerg - Winner!

Build Orders: Hatch First, Zergling Baneling 

Get SALT Encoding   

  12  0:02  Drone  
  13  0:14  Drone  
  14  0:17  Overlord  
  14  0:43  Hatchery  
  14  0:45  Drone  
  14  0:49  Drone  
  15  0:54  Drone  
  16  1:13  Spawning Pool  
  16  1:14  Drone  
  16  1:17  Drone  
  17  1:19  Extractor  
  16  1:26  Drone  
  16  1:30  Drone  
  18  1:44  Drone  
  19  1:52  Overlord  
  19  2:01  Queen  
  19  2:02  Queen  
  19  2:04  Zergling x2  
  19  2:07  Zergling x2  
  25  2:18  Zergling x2  
  25  2:20  Metabolic Boost  
  26  2:23  Zergling x4  
  29  2:37  Drone x2  
  29  2:38  Drone  
  29  2:39  Drone  
  32  2:46  Baneling Nest  
  32  2:47  Drone  
  32  2:54  Drone  
  33  3:06  Drone  
  33  3:11  Overlord  
  34  3:13  Drone x2  
  34  3:19  Extractor  
  35  3:21  Drone  
  35  3:23  Overlord  
  36  3:30  Zergling x8  
  36  3:32  Zergling x2  
  41  3:36  Lair  
  41  3:37  Baneling  
  41  3:38  Baneling  
  41  3:46  Drone  
  42  3:54  Baneling x2  
  42  3:58  Drone  
  43  4:03  Drone x5  
  43  4:08  Drone  
  49  4:10  Zergling x6  
  49  4:14  Baneling x4  
  49  4:15  Baneling  
  52  4:19  Overlord  
  52  4:22  Overlord  
  52  4:41  Centrifical Hooks  
  44  5:45  Zergling x6  
  44  5:46  Zergling x6  
  44  5:47  Zergling x4  
  44  5:48  Zergling x4  
  52  6:08  Zergling x4  
  53  6:17  Zergling x6  
  56  6:21  Zergling x8  
  56  6:25  Zergling x6  
  62  6:32  Baneling x4  
  61  6:33  Baneling  
  61  6:34  Baneling x2  
Show
View Real Time Build Order
Export as new Build Order

MrOcho Zerg 

Build Orders: Pool First 

Get SALT Encoding   

  12  0:05  Drone  
  13  0:13  Overlord  
  13  0:18  Drone  
  14  0:33  Drone x2  
  16  0:48  Spawning Pool  
  16  0:49  Drone x2  
  17  0:58  Extractor  
  17  1:04  Drone  
  17  1:24  Hatchery  
  16  1:37  Queen  
  16  1:38  Zergling x2  
  16  1:39  Zergling x4  
  21  2:02  Drone  
  22  2:21  Evolution Chamber  
  21  2:32  Zergling x2  
  21  2:36  Zergling x2  
  23  2:41  Drone  
  24  2:54  Queen  
  24  2:56  Drone x2  
  24  2:57  Overlord  
  28  2:59  Metabolic Boost  
  28  3:08  Overlord  
  28  3:21  Overlord  
  28  3:35  Zergling x4  
  28  3:36  Drone x4  
  34  3:41  Lair  
  34  3:48  Queen  
  34  3:50  Drone x3  
  39  4:04  Zerg Missile Weapons Level 1  
  39  4:08  Extractor  
  39  4:09  Drone  
  40  4:10  Drone x2  
  41  4:26  Baneling Nest  
  40  4:34  Drone x4  
  40  4:35  Overlord  
  44  4:53  Spore Crawler  
  28  5:22  Spine Crawler  
  28  5:24  Zergling x2, Spine Crawler x3  
  28  5:25  Zergling x10  
  28  5:26  Spine Crawler  
  17  6:04  Zergling x6  
  20  6:05  Queen  
  22  6:39  Zergling x6  
Tags
 
Matchup
ZvZ
Race
Zerg
Replay Pack
Multiplayer
Spawn Locations
Cross Positions
Add a new tag
Caveats
  • Supply blocks, unpowered buildings, or Contaminate may cause inaccurate times.
  • Supply counts are checked every 10 seconds.